 Dungeon Crawl Stone Soup version 0.27.1-1-g398f81649c (webtiles) character file.

Game seed: 10641103773382037484

31 Descartes the Covert (level 3, 0/19 HPs)
             Began as a Spriggan Delver on Sept 13, 2021.
             Slain by an ufetubus (2 damage)
             ... on level 5 of the Dungeon.
             The game lasted 00:00:26 (89 turns).

Descartes the Covert (Spriggan Delver)                Turns: 89, Time: 00:00:26

Health: 0/19       AC:  2    Str:  9    XL:     3   Next: 7%
Magic:  4/4        EV: 17    Int: 11    God:
Gold:   37         SH:  0    Dex: 16    Spells: 2/2 levels left

rFire    . . .     SeeInvis +   a - +0 short sword
rCold    . . .     Faith    .   (shield restricted)
rNeg     . . .     Spirit   .   b - +0 robe
rPois    .         Reflect  .   (helmet restricted)
rElec    .         Harm     .   (no cloak)
rCorr    .         Rampage  .   (gloves unavailable)
Will     .....                  (boots unavailable)
Stlth    ++++......             (no amulet)
HPRegen  0.06/turn              (no ring)
MPRegen  0.09/turn              (no ring)

@: very quick
A: very small, no large weapons, unfitting armour, see invisible, speed 3
a: no special abilities


You were on level 5 of the Dungeon.
You visited 1 branch of the dungeon, and saw 1 of its levels.

You collected 37 gold pieces.

Inventory:

Hand Weapons
 a - a +0 short sword (weapon)
Armour
 b - a +0 robe (worn)
Wands
 g - a wand of digging (3)
Scrolls
 c - a scroll of fog
 d - a scroll of magic mapping
 e - a scroll of fear
Potions
 f - a potion of haste
 h - a potion of magic {unknown}


   Skills:
 - Level 2.4 Fighting
 - Level 2.1 Short Blades
 - Level 2.6 Dodging
 + Level 8.7 Stealth


You had 2 spell levels left.
You didn't know any spells.
Your spell library was empty.

Dungeon Overview and Level Annotations

Branches:
Dungeon (5/15)
 Temple: D:4-7

Altars:


Innate Abilities, Weirdness & Mutations

You are very small and have problems with some larger weapons.
You are too small for most types of armour.
You have supernaturally acute eyesight. (SInv)
You cover ground extremely quickly. (Speed+++)


Message History

You destroy the centaur zombie!
Your Stealth skill increases to level 8!
You have reached level 2!
You have reached level 3!
Your experience leads to an increase in your attributes!
Increase (S)trength, (I)ntelligence, or (D)exterity?
You feel stronger.
HP restored.
You see here the +8 ring mail of Yredelemnul's Whim {Will+ Str-3 Int+3}.
You now have 37 gold pieces (gained 10).
An ufetubus comes into view.
Found a chain mail and a robe.
An iguana comes into view.
Found a scratched steel ring.
Found a stone staircase leading down.
The ufetubus shouts!
You hear a shout!
The iguana hisses angrily.
You hit the iguana.
The iguana is lightly wounded.
The iguana bites you.
You hit the iguana but do no damage.
The iguana is lightly wounded.
The ufetubus misses you. The ufetubus closely misses you.
The iguana bites you but does no damage.
You hit the iguana but do no damage.
The iguana is lightly wounded.
The ufetubus hits you. The ufetubus misses you. The iguana barely misses you.
The ufetubus hits you. x2
You hit the iguana but do no damage.
The iguana is lightly wounded.
The ufetubus hits you. The ufetubus misses you. The iguana bites you.
The ufetubus misses you. The ufetubus barely misses you.
The ufetubus completely misses you. The ufetubus closely misses you.
You barely miss the ufetubus. The ufetubus completely misses you.
The ufetubus closely misses you.
You closely miss the ufetubus. The ufetubus closely misses you. x2
The ufetubus hits you.
* * * LOW HITPOINT WARNING * * *
The ufetubus hits you.
You die...

#.....# #.#......#.#..#[.....
#.....# #..#....>.....#.#=.#
#.##..####.#.#......#.#.#..#
#.###..###...#.............##
#.#
#.......................####
#.#
#...........#.###...........
#.#
##........#...........#..... #.
##.........###...............
#............@5.l.......##....
....##......##########......[..
.....#.......... #....#....
.....#.......#### #..#.# ...
.... #.......# #..#... ..
##......# #..#.... . ##.....#
#....#### #.#...# #.....


You could see an iguana and an ufetubus.

Vanquished Creatures
  A centaur zombie (D:5)
1 creature vanquished.

Notes
Turn   | Place    | Note
-------+----------+-------------------------------------------
     0 | D:5      | Descartes the Spriggan Delver began the quest for the Orb.
     0 | D:5      | Reached XP level 1. HP: 11/11 MP: 2/2
    41 | D:5      | Reached skill level 8 in Stealth
    41 | D:5      | Reached XP level 2. HP: 15/16 MP: 3/3
    41 | D:5      | Reached XP level 3. HP: 18/19 MP: 4/4
    47 | D:5      | Identified the +8 ring mail of Yredelemnul's Whim {Will+
                  | Str-3 Int+3}
    89 | D:5      | Slain by an ufetubus

Illustrated notes

Levels and vault maps discovered:
D:5:      layout_rooms, amcnicky_altar_gilded, lemuel_coloured_pillars_altar,
          minivault_5

Skill      XL: |  1 |
---------------+----+-----
Stealth        | 8 |  8.7
Fighting       | |  2.4
Short Blades   | |  2.1
Dodging        | |  2.6

Action                   || total
-------------------------++-------
Melee: Short sword       ||    11
 Stab: Sleeping          ||     1
Armor: Robe              ||     1
Dodge: Dodged            ||    22
